 Dungeon Crawl Stone Soup version 0.31-a0-705-ga145531891 (webtiles) character file.

Game seed: 13063556584449064744

5863 qw the Skirmisher (level 10, -3/66 HPs)
             Began as a Gargoyle Hunter on Sept 9, 2023.
             Was a Priest of Okawaru.
             Slain by a death yak (14 damage)
             ... on level 9 of the Dungeon.
             The game lasted 00:03:06 (7706 turns).

qw the Skirmisher (Gargoyle Hunter)                 Turns: 7706, Time: 00:03:07

Health: -3/66      AC: 22    Str: 15    XL:     10   Next: 81%
Magic:  12/13      EV: 15    Int: 12    God:    Okawaru [***...]
Gold:   465        SH:  0    Dex: 17    Spells: 9/9 levels left

rFire   . . .        a - +2 orcbow "Bopserol" {elec, rPois Int+2}
rCold   . . .        (shield currently unavailable)
rNeg    + + .        j - +1 ring mail {Will+}
rPois   inf          e - +2 helmet
rElec   +            (no cloak)
rCorr   .            i - +2 pair of gloves
SInv    .            (no boots)
Will    +....        (no amulet)
Stlth   +++          m - ring of positive energy
HPRegen 0.31/turn    (no ring)
MPRegen 0.13/turn

%: no passive effects
@: heroic
A: sickness immunity, AC +7, negative energy resistance 1, electricity
resistance, torment resistance 1, petrification resistance
a: Renounce Religion, Heroism


You were on level 9 of the Dungeon.
You worshipped Okawaru.
Okawaru was most pleased with you.
You visited 2 branches of the dungeon, and saw 10 of its levels.
You also visited: Ossuary.

You collected 573 gold pieces.
You spent 108 gold pieces at shops.


Innate Abilities, Weirdness & Mutations

You are immune to sickness and miasma.
Your stone body is resilient. (AC +7)
You are immune to poison.
You resist negative energy. (rN+)
You are resistant to electric shocks. (rElec)
You are resistant to unholy torment.
You are immune to petrification.


   Skills:
 - Level 9.2(14.2) Fighting
 + Level 12.3(17.3) Ranged Weapons
 - Level 5.1(10.1) Armour
 - Level 3.0(8.0) Dodging
 - Level 1.1(6.1) Stealth
 - Level 4.1 Invocations


You had 9 spell levels left.
You didn't know any spells.
Your spell library was empty.

Inventory:

Hand Weapons
 a - the +2 orcbow "Bopserol" (weapon) {elec, rPois Int+2}
   (You acquired it on level 1 of the Dungeon)

   Int+2:     It affects your intelligence (+2).
   rPois:     It protects you from poison
Armour
 e - a +2 helmet (worn)
 g - +0 swamp dragon scales
 i - a +2 pair of gloves (worn)
 j - a +1 ring mail of willpower (worn)
 o - a +2 robe of fire resistance
Jewellery
 m - a ring of positive energy (left hand)
Wands
 n - a wand of digging (1)
Scrolls
 b - 5 scrolls of identify
 l - a scroll of enchant weapon
Potions
 c - a potion of might
 d - 3 potions of haste
 f - 2 potions of resistance
 h - 2 potions of curing
 k - a potion of enlightenment

Dungeon Overview and Level Annotations

Branches:
Dungeon (9/15)             Temple (1/1) D:4         Ossuary (visited)
   Lair: D:8-11         Orc: D:9-12

Altars:
Cheibriados
Fedhas
Gozag
Hepliaklqana
Kikubaaqudgha
Makhleb
Nemelex Xobeh
Okawaru
Qazlal
Ru
Sif Muna
Trog
Uskayaw
Vehumet
Xom
Zin
The Shining One

Shops:
D:3 [   D:4 =


Message History

You feel like a meek peon again.
The death yak gores you but does no damage.
7696 ||| INVOKING Heroism.
You gain the combat prowess of a mighty hero.
The death yak gores you!
You shoot an arrow.
The arrow hits the death yak but does no damage.
The death yak is moderately wounded.
The death yak completely misses you.
You shoot an arrow. The arrow hits the death yak.
Lightning courses through the death yak!
The death yak is heavily wounded.
The death yak gores you!
You shoot an arrow.
The arrow hits the death yak but does no damage.
The death yak is heavily wounded.
The death yak gores you!
You shoot an arrow. The arrow hits the death yak.
The death yak is heavily wounded.
You shoot an arrow. The arrow hits the death yak!
The death yak is severely wounded.
The death yak misses you.
You shoot an arrow. The arrow hits the death yak!
Lightning courses through the death yak!!
You kill the death yak!
Okawaru is honoured by your kill.
Your base Armour skill gained 2 levels and is now at level 5!
You shoot an arrow. The arrow barely misses the death yak.
The death yak gores you.
You shoot an arrow. The arrow hits the death yak!
The death yak is moderately wounded.
The death yak gores you but does no damage.
You shoot an arrow. The arrow hits the death yak!
The death yak is moderately wounded.
You shoot an arrow.
The arrow hits the death yak but does no damage.
Lightning courses through the death yak!
The death yak is heavily wounded.
The death yak gores you!
You die...

.........###.......# .#
###.###......#.....##.#
#.#.....##........#.#
##.......>......##.#.###
#..####.###.............
##. #.## #......##.....###
.... ##.#
##..##.##..##..>####..##
...# ##..
#.##))...#.#...)..# .###
#...##.##@##..#........#
.#
##..#....##Y##..%.#......#
##
#..####.....##.##.../....#
#
#.##.).........###Y#######
# ###.##.##.#####...?#.Y#
# #......##)# ##.....<%. #
#...#####.# #.######.#
####..## #.. #.# ..#
##....# ... ##. ..#


You could see a death yak.

Vanquished Creatures
  A two-headed ogre (D:8)
  2 death yaks (D:9)
  Maggie (D:6)
  3 slime creatures (D:9)
  An acid dragon (D:9)
  2 water moccasins (D:5)
  2 sky beasts (D:6)
  2 orc warriors
  5 ice beasts
  3 ogres
  A centaur (D:6)
  A phantom (D:5)
  A bullfrog (D:5)
  A scorpion (D:5)
  2 water moccasin zombies (Ossuary)
  7 killer bees (D:9)
  3 howler monkeys (D:8)
  3 orc priests
  7 hounds
  3 jellies
  A gnoll bouda (D:6)
  Jessica (D:2)
  8 iguanas
  8 orc wizards
  2 mummies (Ossuary)
  10 adders
  6 gnolls
  A shadow imp (D:8)
  A white imp (D:6)
  4 ufetubi
  3 adder zombies (Ossuary)
  4 worms
  A dart slug (D:4)
  26 orcs
  3 endoplasms
  4 giant cockroaches
  3 gnoll zombies (Ossuary)
  2 goblins
  8 hobgoblins
  2 jackals (D:1)
  7 kobolds
  8 quokkas
  6 ball pythons
  6 bats
  A frilled lizard (D:3)
  7 hobgoblin zombies (Ossuary)
  4 kobold zombies (Ossuary)
  7 orc zombies (Ossuary)
  6 rats
201 creatures vanquished.

Notes
Turn   | Place    | Note
-------+----------+-------------------------------------------
     0 | D:1      | qw the Gargoyle Hunter began the quest for the Orb.
     0 | D:1      | Reached XP level 1. HP: 12/12 MP: 1/1
     0 | D:1      | 0 ||| qw: Version: 0.3-a-80-g6052c40
     0 | D:1      | 0 ||| qw: Game counter: 1341
     0 | D:1      | 0 ||| qw: Melee chars always use a shield: true
     0 | D:1      | 0 ||| qw: God list: Okawaru
     0 | D:1      | 0 ||| qw: Allow faded altars: false
     0 | D:1      | 0 ||| qw: Do Orc after clearing Dungeon:15 true
     0 | D:1      | 0 ||| qw: Do second Lair branch before Depths: true
     0 | D:1      | 0 ||| qw: Lair rune preference: random
     0 | D:1      | 0 ||| qw: Goals: Normal
     0 | D:1      | 0 ||| PLANNING D:1-11
   136 | D:1      | Reached XP level 2. HP: 17/17 MP: 2/2
   206 | D:1      | Found a faded altar of an unknown god.
   459 | D:1      | 459 ||| UPGRADING to +0 ring mail.
   469 | D:1      | 469 ||| DROPPING +0 leather armour.
   470 | D:1      | 470 ||| READING 4 scrolls labelled NOBBOQAOSEO.
   471 | D:1      | 471 ||| READING 3 scrolls of enchant weapon.
   471 | D:1      | 471 ||| ENCHANTING +1 shortbow.
   472 | D:1      | 472 ||| READING 2 scrolls of enchant weapon.
   472 | D:1      | 472 ||| ENCHANTING +2 shortbow.
   473 | D:1      | 473 ||| READING scroll of enchant weapon.
   473 | D:1      | 473 ||| ENCHANTING +3 shortbow.
   474 | D:1      | 474 ||| READING scroll labelled DAOLACZ WUETZ.
   474 | D:1      | Identified a scroll of acquirement
   474 | D:1      | 474 ||| ACQUIRING +2 orcbow "Bopserol" {elec, rPois Int+2}
   474 | D:1      | Acquired the +2 orcbow "Bopserol" {elec, rPois Int+2}
   476 | D:1      | 476 ||| SWAPPING to +2 orcbow "Bopserol" {elec, rPois
                  | Int+2}.
   477 | D:1      | 477 ||| DROPPING +4 shortbow.
   478 | D:1      | 478 ||| READING 2 scrolls labelled MESCHE FULOUSM.
   479 | D:1      | 479 ||| READING scroll labelled XANNEMAPIUT.
   480 | D:1      | 480 ||| DROPPING scroll of butterflies.
   601 | D:2      | Reached skill level 1 in Armour
   601 | D:2      | Reached XP level 3. HP: 18/21 MP: 3/3
   627 | D:2      | Noticed Jessica
   628 | D:2      | Killed Jessica
   629 | D:2      | Reached skill level 5 in Ranged Weapons
   638 | D:2      | Reached XP level 4. HP: 27/27 MP: 4/4
  1042 | D:2      | Reached skill level 3 in Fighting
  1217 | D:2      | 1217 ||| READING scroll labelled SUCYEX OFUEPT.
  1237 | D:2      | 1237 ||| READING scroll labelled FAOTTA OCKO.
  1238 | D:2      | 1238 ||| READING scroll labelled BATA COMAKUCW.
  1343 | D:3      | Reached XP level 5. HP: 32/32 MP: 5/5
  1444 | D:3      | Found Didghuej's Armour Shoppe.
  1452 | D:3      | 1452 ||| BUYING +0 helmet (54 gold).
  1452 | D:3      | Bought a +0 helmet for 54 gold pieces
  1452 | D:3      | 1452 ||| BUYING +0 pair of gloves (54 gold).
  1452 | D:3      | Bought a +0 pair of gloves for 54 gold pieces
  1452 | D:3      | 1452 ||| SHOPLISTING +1 robe of Repulsion {Harm Will+
                  | Str+2} (270 gold, have 15).
  1452 | D:3      | 1452 ||| SHOPLISTING +2 leather armour of the Pink Corner
                  | {rPois} (278 gold, have 15).
  1495 | D:3      | Reached skill level 6 in Ranged Weapons
  2008 | D:3      | 2008 ||| UPGRADING to +0 helmet.
  2013 | D:3      | 2013 ||| UPGRADING to +0 pair of gloves.
  2018 | D:3      | 2018 ||| READING scroll of enchant armour.
  2018 | D:3      | 2018 ||| ENCHANTING +0 pair of gloves.
  2019 | D:3      | 2019 ||| READING 2 scrolls labelled ZAWNES GULI.
  2041 | D:4      | 2041 ||| STAIRDANCE
  2081 | D:4      | Found Biun's Jewellery Emporium.
  2090 | D:4      | 2090 ||| SHOPLISTING +6 ring of strength (504 gold, have
                  | 52).
  2090 | D:4      | 2090 ||| SHOPLISTING ring "Wiasow" {Will+ Int+4} (565 gold,
                  | have 52).
  2090 | D:4      | 2090 ||| SHOPLISTING ring of fire (350 gold, have 52).
  2090 | D:4      | 2090 ||| SHOPLISTING ring of willpower (350 gold, have 52).
  2127 | D:4      | Reached XP level 6. HP: 38/38 MP: 6/6
  2179 | D:4      | Found a staircase to the Ecumenical Temple.
  2180 | D:4      | 2180 ||| PLANNING TEMPLE
  2180 | D:4      | 2180 ||| READING scroll labelled PYSIEN QISISOB.
  2181 | D:4      | 2181 ||| READING scroll labelled QOTOGE DENERCH.
  2182 | D:4      | 2182 ||| READING 3 scrolls of identify.
  2182 | D:4      | 2182 ||| IDENTIFYING metallic green potion
  2183 | D:4      | 2183 ||| READING 2 scrolls of identify.
  2183 | D:4      | 2183 ||| IDENTIFYING silvery potion
  2192 | Temple   | Entered the Ecumenical Temple
  2193 | Temple   | 2193 ||| PLANNING OKAWARU WORSHIP
  2199 | Temple   | Became a worshipper of Warmaster Okawaru
  2200 | Temple   | 2200 ||| PLANNING D:1-11
  2558 | D:4      | 2558 ||| DROPPING +1 pair of gloves.
  2559 | D:4      | 2559 ||| READING scroll labelled DOCU GYIGYUMOEFRI.
  2560 | D:4      | 2560 ||| READING 2 scrolls of identify.
  2560 | D:4      | 2560 ||| IDENTIFYING bubbling inky potion
  2587 | D:5      | Entered Level 5 of the Dungeon
  2588 | D:5      | 2588 ||| PLANNING OSSUARY
  2744 | D:5      | Noticed a water moccasin
  2745 | D:5      | 2745 ||| Stepping ~*~*~tactically~*~*~ (retreating).
  2748 | D:5      | 2748 ||| Stepping ~*~*~tactically~*~*~ (retreating).
  2749 | D:5      | HP: 5/38 [gnoll/+0 halberd (8)]
  2750 | D:5      | 2750 ||| READING scroll of teleportation.
  2751 | D:5      | 2751 ||| Stepping ~*~*~tactically~*~*~ (retreating).
  2752 | D:5      | 2752 ||| Stepping ~*~*~tactically~*~*~ (retreating).
  2895 | D:5      | Found a sand-covered staircase.
  2905 | Ossuary  | Entered an ossuary
  2928 | Ossuary  | Reached skill level 7 in Ranged Weapons
  2989 | Ossuary  | Reached XP level 7. HP: 42/43 MP: 7/7
  3132 | Ossuary  | 3132 ||| DRINKING 3 green potions.
  3133 | Ossuary  | 3133 ||| DRINKING 2 clear potions.
  3134 | Ossuary  | 3134 ||| DRINKING 2 cyan potions.
  3135 | Ossuary  | 3135 ||| DRINKING 2 fizzy yellow potions.
  3239 | Ossuary  | 3239 ||| READING 4 scrolls of identify.
  3239 | Ossuary  | 3239 ||| IDENTIFYING brown potion
  3240 | Ossuary  | 3240 ||| DROPPING potion of attraction.
  3241 | Ossuary  | 3241 ||| DROPPING potion of berserk rage.
  3247 | D:5      | 3247 ||| PLANNING D:1-11
  3365 | D:5      | HP: 9/43 [bullfrog (5)]
  3366 | D:5      | 3366 ||| DRINKING 2 potions of heal wounds.
  3369 | D:5      | Reached * piety under Okawaru
  3370 | D:5      | Reached skill level 8 in Ranged Weapons
  3370 | D:5      | 3370 ||| INVOKING Heroism.
  3374 | D:5      | Reached skill level 1 in Invocations
  3506 | D:5      | 3506 ||| INVOKING Heroism.
  3512 | D:5      | Reached XP level 8. HP: 41/48 MP: 6/9
  3580 | D:5      | 3580 ||| READING scroll of enchant armour.
  3580 | D:5      | 3580 ||| ENCHANTING +1 pair of gloves.
  3742 | D:5      | Found a shimmering blue altar of Sif Muna.
  3752 | D:5      | Found an ancient bone altar of Kikubaaqudgha.
  3759 | D:5      | Found a radiant altar of Vehumet.
  3816 | D:5      | 3816 ||| INVOKING Heroism.
  3823 | D:5      | Reached skill level 3 in Invocations
  3897 | D:5      | Found a sparkling altar of Nemelex Xobeh.
  4111 | D:5      | 4111 ||| INVOKING Heroism.
  4164 | D:5      | 4164 ||| INVOKING Heroism.
  4197 | D:5      | Reached skill level 9 in Ranged Weapons
  4336 | D:5      | 4336 ||| UPGRADING to +2 robe of fire resistance.
  4346 | D:5      | 4346 ||| DROPPING +0 ring mail.
  4347 | D:5      | 4347 ||| READING scroll labelled WYTOAM WAUN.
  4348 | D:5      | 4348 ||| READING 4 scrolls of identify.
  4348 | D:5      | 4348 ||| IDENTIFYING metallic grey potion
  4349 | D:5      | 4349 ||| DROPPING potion of lignification.
  4410 | D:6      | Noticed Maggie
  4411 | D:6      | 4411 ||| Stepping ~*~*~tactically~*~*~ (retreating).
  4413 | D:6      | 4413 ||| Stepping ~*~*~tactically~*~*~ (retreating).
  4427 | D:6      | 4427 ||| Stepping ~*~*~tactically~*~*~ (retreating).
  4428 | D:6      | 4428 ||| INVOKING Heroism.
  4428 | D:6      | HP: 12/49 [Maggie/bolt of fire (7)]
  4429 | D:6      | 4429 ||| DRINKING potion of heal wounds.
  4435 | D:6      | Killed Maggie
  4436 | D:6      | Reached skill level 6 in Fighting
  4436 | D:6      | Reached XP level 9. HP: 40/56 MP: 9/12
  4593 | D:6      | 4593 ||| INVOKING Heroism.
  4594 | D:6      | 4594 ||| DRINKING potion of curing.
  4594 | D:6      | 4594 ||| (to cure confusion)
  4616 | D:6      | 4616 ||| INVOKING Heroism.
  4622 | D:6      | Reached skill level 10 in Ranged Weapons
  4648 | D:6      | 4648 ||| FLEEEEING.
  4657 | D:6      | 4657 ||| INVOKING Heroism.
  4661 | D:6      | Reached skill level 3 in Dodging
  4722 | D:6      | 4722 ||| FLEEEEING.
  4723 | D:6      | 4723 ||| FLEEEEING.
  4724 | D:6      | 4724 ||| FLEEEEING.
  4725 | D:6      | 4725 ||| FLEEEEING.
  4726 | D:6      | 4726 ||| FLEEEEING.
  4886 | D:6      | Found a glowing silver altar of Zin.
  5016 | D:6      | Found an opulent altar of Gozag.
  5100 | D:6      | 5100 ||| READING scroll labelled ERREQAC QOTT.
  5101 | D:6      | 5101 ||| READING 5 scrolls of identify.
  5101 | D:6      | 5101 ||| IDENTIFYING red potion
  5102 | D:6      | 5102 ||| DROPPING potion of invisibility.
  5166 | D:7      | 5166 ||| RETREATING.
  5171 | D:7      | 5171 ||| INVOKING Heroism.
  5414 | D:7      | 5414 ||| READING scroll of enchant armour.
  5414 | D:7      | 5414 ||| ENCHANTING +0 helmet.
  5655 | D:7      | 5655 ||| READING scroll of enchant armour.
  5655 | D:7      | 5655 ||| ENCHANTING +1 helmet.
  6111 | D:8      | Found a flagged portal.
  6230 | D:8      | Found a bloodstained altar of Trog.
  6653 | D:8      | 6653 ||| RETREATING.
  6656 | D:8      | 6656 ||| INVOKING Heroism.
  6666 | D:8      | Reached skill level 11 in Ranged Weapons
  7095 | D:8      | Noticed a two-headed ogre
  7096 | D:8      | 7096 ||| INVOKING Heroism.
  7101 | D:8      | Killed a two-headed ogre
  7101 | D:8      | Reached ** piety under Okawaru
  7102 | D:8      | Reached skill level 9 in Fighting
  7102 | D:8      | Reached XP level 10. HP: 66/66 MP: 10/13
  7270 | D:8      | 7270 ||| UPGRADING to +1 ring mail of willpower.
  7280 | D:8      | 7280 ||| UPGRADING to ring of positive energy.
  7335 | D:9      | Reached *** piety under Okawaru
  7336 | D:9      | Reached skill level 3 in Armour
  7411 | D:9      | 7411 ||| INVOKING Heroism.
  7462 | D:9      | 7462 ||| INVOKING Heroism.
  7465 | D:9      | 7465 ||| RETREATING.
  7479 | D:9      | 7479 ||| INVOKING Heroism.
  7483 | D:9      | Noticed a death yak
  7484 | D:9      | 7484 ||| Stepping ~*~*~tactically~*~*~ (retreating).
  7485 | D:9      | 7485 ||| Stepping ~*~*~tactically~*~*~ (retreating).
  7486 | D:9      | 7486 ||| Stepping ~*~*~tactically~*~*~ (retreating).
  7580 | D:9      | 7580 ||| INVOKING Heroism.
  7669 | D:9      | 7669 ||| INVOKING Heroism.
  7674 | D:9      | Killed a death yak
  7675 | D:9      | Reached skill level 12 in Ranged Weapons
  7675 | D:9      | Noticed a death yak
  7675 | D:9      | Noticed a death yak
  7678 | D:9      | 7678 ||| RETREATING.
  7686 | D:9      | 7686 ||| Stepping ~*~*~tactically~*~*~ (retreating).
  7687 | D:9      | 7687 ||| Stepping ~*~*~tactically~*~*~ (retreating).
  7688 | D:9      | 7688 ||| Stepping ~*~*~tactically~*~*~ (retreating).
  7689 | D:9      | 7689 ||| Stepping ~*~*~tactically~*~*~ (retreating).
  7690 | D:9      | 7690 ||| Stepping ~*~*~tactically~*~*~ (retreating).
  7696 | D:9      | 7696 ||| INVOKING Heroism.
  7699 | D:9      | HP: 11/66 [death yak (8)]
  7702 | D:9      | Killed a death yak
  7706 | D:9      | Slain by a death yak

Levels and vault maps discovered:
D:1:      spicycebolla_arrival_clurvy, layout_rooms,
          shapermc_ecumenical_altar_rom_forum, kennysheep_nondescript
D:2:      layout_basic, uniq_jessica
D:3:      layout_basic, serial_shops, shop_statue
D:4:      layout_rooms, minmay_temple_entry_steel_oval, serial_shops, shop,
          kennysheep_donut
D:5:      minmay_octagon_keep, layout_loops_corners,
          palyth_temple_overflow_mages, nemelex_xobeh_ov_fountains_minmay,
          enter_ossuary_1
D:6:      layout_rooms, pdpol_temple_overflow_zin_treasury_gozag_greed,
          ebering_dispersal_statue_hall, chequers_serial_rivers_micro_a,
          uniq_maggie
D:7:      layout_basic, sigmund_army
D:8:      layout_layer_cave, amcnicky_altar_gilded, enter_bailey_2,
          chequers_serial_rivers_small_3, dk_rats_in_the_wall
D:9:      layout_rooms, dpeg_lair_monsters, minivault_20, eino_house_with_fridge
Temple:   nicolae_temple_ecumenical_triangle

Skill      XL: |  1  2  3  4  5  6  7  8  9 10 |
---------------+-------------------------------+-----
Armour         | 1 2 5 |  5.1
Ranged Weapons | 5 6 7 8 9 11 12 | 12.3
Fighting       | 3 4 6 9 |  9.2
Invocations    | 2 4 |  4.1
Dodging        | 2 3 |  3.0
Stealth        | |  1.1

Action                     |  1- 3 |  4- 6 |  7- 9 | 10-12 || total
---------------------------+-------+-------+-------+-------++-------
   Fire: Shortbow          |    30 |       |       |       ||    30
         Orcbow            |    20 |   201 |   323 |    95 ||   639
 Invoke: Heroism           |       |       |    12 |     6 ||    18
    Use: Scroll            |     7 |    12 |     8 |       ||    27
         Potion            |       |       |     7 |       ||     7
 Armour: Leather armour    |     8 |       |       |       ||     8
         Ring mail         |    12 |    64 |    57 |    52 ||   185
         Robe              |       |       |    44 |       ||    44
  Dodge: Dodged            |    11 |    66 |   108 |    51 ||   236

Table legend:
 A = Non-vault XP
 B = Vault XP
 C = Vault XP percentage of total XP
 D = Non-vault monster count
 E = Vault monster count
 F = Vault count percentage of total count
                 A         B        C        D         E       F
            +---------+---------+-------+---------+---------+-------
      Total |    5353 |    3023 |  36.1 |     146 |      55 |  27.4
            +---------+---------+-------+---------+---------+-------
        D:1 |      19 |       0 |   0.0 |      11 |       0 |   0.0
        D:2 |      57 |      37 |  39.4 |      13 |       1 |   7.1
        D:3 |     129 |       0 |   0.0 |      24 |       0 |   0.0
        D:4 |     147 |       0 |   0.0 |      14 |       0 |   0.0
        D:5 |     753 |     725 |  49.1 |      16 |      17 |  51.5
        D:6 |     993 |     398 |  28.6 |      23 |       1 |   4.2
        D:7 |     472 |      21 |   4.3 |      12 |       4 |  25.0
        D:8 |    1347 |       0 |   0.0 |      18 |       0 |   0.0
        D:9 |    1436 |    1616 |  52.9 |      15 |       4 |  21.1
    Ossuary |       0 |     226 | 100.0 |       0 |      28 | 100.0
            +---------+---------+-------+---------+---------+-------
